 Dungeon Crawl Stone Soup version 0.31-a0-263-ge8cad7f256 (webtiles) character file.

Game seed: 16936269777338214212

708 qw the Skirmisher (level 7, -6/59 HPs)
             Began as a Minotaur Hexslinger on July 13, 2023.
             Mangled by a yak (10 damage)
             ... on level 4 of the Dungeon.
             The game lasted 00:01:14 (3225 turns).

qw the Skirmisher (Minotaur Hexslinger)             Turns: 3225, Time: 00:01:14

Health: -6/59      AC:  5    Str: 13    XL:     7   Next: 40%
Magic:  7/7        EV: 12    Int: 10    God:
Gold:   218        SH:  0    Dex: 14    Spells: 7/8 levels left

rFire   . . .        Y - +1 sling (flame)
rCold   + . .        (no shield)
rNeg    . . .        h - +0 leather armour
rPois   .            (helmet restricted)
rElec   .            (no cloak)
rCorr   .            (no gloves)
SInv    .            (no boots)
Will    .....        (no amulet)
Stlth   +            (no ring)
HPRegen 0.29/turn    (no ring)
MPRegen 0.10/turn

%: no passive effects
@: about to teleport
A: horns 2, retaliatory headbutt, hooves 1, iridescent scales 1, cold resistance
1
a: no special abilities


You were on level 4 of the Dungeon.
You visited 1 branch of the dungeon, and saw 4 of its levels.

You collected 218 gold pieces.


Innate Abilities, Weirdness & Mutations

You have a pair of horns on your head.
You reflexively headbutt those who attack you in melee.
You have large cloven feet.
You are partially covered in iridescent scales. (AC +2)
Your flesh is cold resistant. (rC+)


   Skills:
 + Level 4.2 Fighting
 - Level 8.4 Ranged Weapons
 - Level 2.1 Dodging
 - Level 1.0 Spellcasting
 - Level 2.0 Hexes


You had 7 spell levels left.
You knew the following spells:

 Your Spells              Type           Power      Damage    Failure   Level
a - Slow                  Hex            16%        N/A       19%         1

Your spell library contained the following spells:

 Spells                   Type           Power      Damage    Failure   Level
 Inner Flame              Hex/Fire       2%         N/A       65%         3
 Portal Projectile        Hex/Tloc       4%         N/A       65%         3
 Cause Fear               Hex            2%         N/A       88%         4

Inventory:

Hand Weapons
 Y - a +1 sling of flaming (weapon)
Armour
 h - a +0 leather armour (worn)
 j - a +0 pair of gloves
 k - a +0 ring mail
Jewellery
 a - a ring of magical power
Scrolls
 g - 3 scrolls of teleportation
 i - a scroll of identify
Potions
 b - 2 potions of curing
 c - 2 potions of brilliance {unknown}
 d - a potion of lignification {unknown}
 e - a potion of mutation
 f - a potion of heal wounds {unknown}
 l - a potion of might {unknown}

Dungeon Overview and Level Annotations

Branches:
Dungeon (4/15)
 Temple: D:4-7

Altars:

Shops:
D:3 =


Message History

You shoot a sling bullet. The sling bullet hits the yak.
The sling bullet burns the yak.
The yak is severely wounded.
The yak gores you! The yak gores you.
You shoot a sling bullet. The sling bullet hits the yak.
The sling bullet burns the yak.
The yak is almost dead.
The yak misses you. The yak gores you!
You shoot a sling bullet. The sling bullet barely misses the yak.
The yak closely misses you. You furiously retaliate!
You headbutt the yak! The yak gores you.
You shoot a sling bullet. The sling bullet hits the yak.
The sling bullet burns the yak.
You kill the yak!
The yak barely misses you.
Your Ranged Weapons skill increases to level 8!
You shoot a sling bullet. The sling bullet barely misses the yak.
The yak gores you. The yak misses you.
You shoot a sling bullet.
The sling bullet completely misses the yak.
The yak misses you.
You shoot a sling bullet. The sling bullet barely misses the yak.
The yak barely misses you.
You shoot a sling bullet. The sling bullet hits the yak.
The sling bullet burns the yak.
The yak is heavily wounded.
The yak closely misses you.
You shoot a sling bullet. The sling bullet hits the yak!
The sling bullet burns the yak.
The yak is severely wounded.
The yak gores you!
3224 ||| READING 4 scrolls of teleportation.
As you read the scroll of teleportation, it crumbles to dust.
You feel strangely unstable. The yak gores you!
You shoot a sling bullet. The sling bullet hits the yak.
The sling bullet burns the yak.
The yak is severely wounded.
The yak gores you!
You die...

........##
##.......###......##
#........#
#.......## ........#
#........## #...$..>
#....#....# #......
#....##...# #.....
#.... ##... #.Y%#
#.#######.. #.@#
#.....# ##. #..#
#.....# #.. ##.####
#.....###..
#....###.....##...
####...........)..
#####.....#....
#.....#....
###.#.##...
#......##


You could see a yak.

Vanquished Creatures
  2 yaks (D:4)
  An ogre (D:4)
  A phantom (D:4)
  A jelly (D:4)
  A sleepcap (D:4)
  Terence (D:2)
  2 gnolls (D:4)
  4 adders
  9 orcs
  11 endoplasms
  2 giant cockroaches (D:4)
  10 hobgoblins
  15 kobolds
  4 quokkas
  6 ball pythons
  3 bats
  4 frilled lizards
  8 goblins
  4 rats
89 creatures vanquished.

Notes
Turn   | Place    | Note
-------+----------+-------------------------------------------
     0 | D:1      | qw the Minotaur Hexslinger began the quest for the Orb.
     0 | D:1      | Reached XP level 1. HP: 16/16 MP: 1/1
     0 | D:1      | 0 ||| qw: Version: 0.3-a-52-g30416fa
     0 | D:1      | 0 ||| qw: Game counter: 7263
     0 | D:1      | 0 ||| qw: Melee chars always use a shield: true
     0 | D:1      | 0 ||| qw: God list: Okawaru
     0 | D:1      | 0 ||| qw: Allow faded altars: false
     0 | D:1      | 0 ||| qw: Do Orc after clearing Dungeon:15 true
     0 | D:1      | 0 ||| qw: Do second Lair branch before Depths: true
     0 | D:1      | 0 ||| qw: Lair rune preference: random
     0 | D:1      | 0 ||| qw: Goals: Normal
     0 | D:1      | 0 ||| PLANNING D:1-11
   173 | D:1      | Reached skill level 3 in Ranged Weapons
   195 | D:1      | Reached XP level 2. HP: 22/23 MP: 2/2
   590 | D:1      | 590 ||| UPGRADING to +0 leather armour.
   600 | D:1      | 600 ||| DROPPING +0 robe.
   601 | D:1      | 601 ||| READING scroll labelled BOMNIA HASEEFI.
   606 | D:1      | 606 ||| READING scroll labelled MEFUYV ZOEMP.
   607 | D:1      | 607 ||| DRINKING 2 fizzy ruby potions.
   607 | D:1      | Gained mutation: You are partially covered in iridescent
                  | scales. (AC +2) [potion of mutation]
   607 | D:1      | Gained mutation: You have large cloven feet. [potion of
                  | mutation]
   607 | D:1      | Gained mutation: Your flesh is cold resistant. (rC+)
                  | [potion of mutation]
   608 | D:1      | 608 ||| DROPPING scroll of poison.
   798 | D:2      | Noticed Terence
   809 | D:2      | HP: 4/24 [Terence/+0 mace (3)]
   811 | D:2      | Killed Terence
   812 | D:2      | Reached skill level 4 in Ranged Weapons
   812 | D:2      | Reached XP level 3. HP: 4/29 MP: 3/3
  1078 | D:2      | Reached XP level 4. HP: 36/36 MP: 4/4
  1571 | D:2      | 1571 ||| READING scroll labelled BEHOADU NIXKIO.
  1572 | D:2      | 1572 ||| READING scroll labelled REKKUFA CIDIU.
  1573 | D:2      | 1573 ||| READING scroll labelled XOSADWAUXKU.
  1602 | D:3      | HP: 3/36 [orc/+1 heavy flail (7)]
  1603 | D:3      | 1603 ||| READING scroll of teleportation.
  1604 | D:3      | HP: 1/36 [frilled lizard (3)]
  1794 | D:3      | Found a faded altar of an unknown god.
  1947 | D:3      | Reached skill level 5 in Ranged Weapons
  2019 | D:3      | Found Fer Geh's Jewellery Emporium.
  2027 | D:3      | 2027 ||| SHOPLISTING +4 ring of protection (504 gold, have
                  | 161).
  2027 | D:3      | 2027 ||| SHOPLISTING amulet of regeneration (420 gold, have
                  | 161).
  2027 | D:3      | 2027 ||| SHOPLISTING ring "Fapunum" {Fly Will++ AC+4
                  | Stlth+} (866 gold, have 161).
  2027 | D:3      | 2027 ||| SHOPLISTING ring of Eternal Night {Fly Int+3 Dex+3
                  | SInv} (513 gold, have 161).
  2027 | D:3      | 2027 ||| SHOPLISTING ring of fire (350 gold, have 161).
  2027 | D:3      | 2027 ||| SHOPLISTING ring of poison resistance (280 gold,
                  | have 161).
  2027 | D:3      | 2027 ||| SHOPLISTING ring of protection from fire (350
                  | gold, have 161).
  2027 | D:3      | 2027 ||| SHOPLISTING ring of resist corrosion (280 gold,
                  | have 161).
  2325 | D:3      | 2325 ||| READING scroll labelled OCOCHO RUTZAGH.
  2326 | D:3      | 2326 ||| READING scroll labelled ZECHULL ZAYTI.
  2327 | D:3      | 2327 ||| DRINKING 2 green potions.
  2542 | D:4      | Reached skill level 3 in Fighting
  2573 | D:4      | Reached XP level 5. HP: 45/45 MP: 5/5
  2695 | D:4      | Noticed a phantom
  2703 | D:4      | Killed a phantom
  2704 | D:4      | Reached skill level 6 in Ranged Weapons
  2706 | D:4      | Noticed an ogre
  2714 | D:4      | Killed an ogre
  2715 | D:4      | Reached XP level 6. HP: 52/52 MP: 6/6
  2911 | D:4      | Noticed a yak
  2930 | D:4      | Killed a yak
  2931 | D:4      | Reached skill level 7 in Ranged Weapons
  2931 | D:4      | Reached XP level 7. HP: 28/59 MP: 7/7
  3010 | D:4      | 3010 ||| FLEEEEING.
  3011 | D:4      | 3011 ||| FLEEEEING.
  3205 | D:4      | Noticed a yak
  3208 | D:4      | Noticed a yak
  3218 | D:4      | Killed a yak
  3219 | D:4      | Reached skill level 8 in Ranged Weapons
  3223 | D:4      | HP: 12/59 [yak (7)]
  3224 | D:4      | 3224 ||| READING 4 scrolls of teleportation.
  3224 | D:4      | HP: 4/59 [yak (8)]
  3225 | D:4      | Mangled by a yak

Levels and vault maps discovered:
D:1:      psy_arrival_dodecagon, layout_rooms, serial_bayou_lake_a
D:2:      layout_loops_corners, minmay_circled_x, uniq_terence
D:3:      layout_loops_ring, serial_shops, nicolae_shop_advertising_works
          [nicolae_subvault_shop_adworks],
          shapermc_ecumenical_altar_mp_highgroup,
          chequers_serial_rivers_micro_c, grunt_decor_one_mirror
D:4:      corexii_shantytown, layout_cave_pods, minmay_crystal_room,
          kennysheep_small_square

Skill      XL: |  1  2  3  4  5  6  7 |
---------------+----------------------+-----
Ranged Weapons | 3 4 5 6 7 8 |  8.4
Fighting       | 2 3 4 |  4.2
Dodging        | |  2.1
Spellcasting   | |  1.0
Hexes          | |  2.0

Action                     |  1- 3 |  4- 6 |  7- 9 || total
---------------------------+-------+-------+-------++-------
   Fire: Sling             |    96 |   141 |    49 ||   286
    Use: Scroll            |     2 |     6 |     1 ||     9
         Potion            |     1 |     1 |       ||     2
 Armour: Robe              |    19 |       |       ||    19
         Leather armour    |     5 |    14 |     2 ||    21
  Dodge: Dodged            |    38 |    52 |    24 ||   114

Table legend:
 A = Non-vault XP
 B = Vault XP
 C = Vault XP percentage of total XP
 D = Non-vault monster count
 E = Vault monster count
 F = Vault count percentage of total count
                 A         B        C        D         E       F
            +---------+---------+-------+---------+---------+-------
      Total |     878 |     134 |  13.2 |      70 |      19 |  21.3
            +---------+---------+-------+---------+---------+-------
        D:1 |      30 |       0 |   0.0 |      18 |       0 |   0.0
        D:2 |      37 |      45 |  54.9 |      16 |       5 |  23.8
        D:3 |      40 |       0 |   0.0 |      18 |       0 |   0.0
        D:4 |     771 |      89 |  10.3 |      18 |      14 |  43.8
            +---------+---------+-------+---------+---------+-------
